 Dungeon Crawl Stone Soup version 0.27-a0-1232-gc6a4cbde82 (webtiles) character file.

Game seed: 1395518407285564698

39 ZappyNine the Scratcher (level 3, 0/16 HPs)
             Began as a Felid Transmuter on June 8, 2021.
             Succumbed to an adder's poison
             ... on level 3 of the Dungeon.
             The game lasted 00:04:11 (3370 turns).

ZappyNine the Scratcher (Felid Transmuter)          Turns: 3370, Time: 00:04:12

Health: 0/16       AC:  1    Str:  6    XL:     3   Next: 28%
Magic:  7/7        EV: 17    Int: 14    God:
Gold:   118        SH:  0    Dex: 17    Spells: 0/6 levels left
                                        Lives:  0   Deaths: 1

rFire    . . .     SeeInvis +     - Unarmed
rCold    . . .     Faith    .   (shield unavailable)
rNeg     . . .     Spirit   .   (armour unavailable)
rPois    .         Reflect  .   (helmet unavailable)
rElec    .         Harm     .   (cloak unavailable)
rCorr    .         Rampage  .   (gloves unavailable)
Will     .....                  (boots unavailable)
Stlth    ++........             (no amulet)
HPRegen  0.05/turn              (no ring)
MPRegen  0.10/turn              (no ring)

@: lethally poisoned (0 -> -4), flying, quick
A: very small, claws 1, fangs 3, see invisible, speed 1, shaggy fur 1, stealthy
paws, no weapons or thrown items, no armour, multi-lived
a: no special abilities


You were on level 3 of the Dungeon.
You visited 1 branch of the dungeon, and saw 3 of its levels.

You collected 118 gold pieces.

Inventory:

Scrolls
 a - a scroll of vulnerability {unknown}
 c - a scroll of immolation
 d - 3 scrolls of identify {unknown}
Potions
 b - a potion of flight
 e - a potion of invisibility {unknown}
 f - a potion of resistance {unknown}


   Skills:
 - Level 2.7 Fighting
 - Level 2.6 Dodging
 - Level 4.0 Unarmed Combat
 + Level 2.1 Spellcasting
 + Level 2.4 Transmutations
 + Level 0.5 Poison Magic


You couldn't memorise any spells.
You knew the following spells:

 Your Spells              Type           Power      Damage    Failure   Level
a - Beastly Appendage     Tmut           16%        N/A       9%          1
b - Wereblood             Tmut           8%         N/A       13%         2
c - Spider Form           Tmut/Pois      2%         N/A       36%         3

Your spell library contained the following spells:

 Spells                   Type           Power      Damage    Failure   Level
 Confusing Touch          Hex            1%         N/A       56%         3
 Gell's Gravitas          Tloc           0%         N/A       56%         3
 Ice Form                 Ice/Tmut       4%         N/A       82%         4
 Petrify                  Tmut/Erth      4%         N/A       82%         4
 Hydra Form               Tmut           4%         N/A       94%         5
 Yara's Violent Unravell  Hex/Tmut       2%         3d3       99%         5
 Metabolic Englaciation   Hex/Ice        0%         N/A       100%        5


Dungeon Overview and Level Annotations

Branches:
Dungeon (3/15)

Altars:
Dithmenos

Shops:
D:2 (


Innate Abilities, Weirdness & Mutations

You have sharp claws.
You have razor-sharp teeth.
You have supernaturally acute eyesight. (SInv)
You cover ground quickly. (Speed+)
You are covered in fur. (AC +1)
Your paws help you pounce on unaware monsters.
You are incapable of wielding weapons or throwing items.
You cannot wear armour.
You gain extra lives every three experience levels.


Message History

There is a large open door here.
An adder and a hobgoblin come into view.
There are monsters nearby!
There are monsters nearby!
The adder hisses angrily.
The hobgoblin shouts!
You closely miss the adder. The adder bites you.
You are poisoned.
The adder poisons you! The hobgoblin misses you.
You scratch the adder. Your bite misses the adder.
The adder is heavily wounded.
You feel sick. The adder bites you.
You are lethally poisoned!
The adder poisons you! The hobgoblin barely misses you.
You are too injured to fight recklessly!
You are too injured to fight recklessly!
You are too injured to fight recklessly!
You are too injured to fight recklessly!
You are too injured to fight recklessly!
You are too injured to fight recklessly!
You are too injured to fight recklessly!
You are too injured to fight recklessly!
You are too injured to fight recklessly!
You are too injured to fight recklessly!
You are too injured to fight recklessly!
You are too injured to fight recklessly!
You are too injured to fight recklessly!
Unknown command.
You feel sick.
You feel sick.
* * * LOW HITPOINT WARNING * * *
You feel sick.
* * * LOW HITPOINT WARNING * * *
You feel sick. The adder barely misses you.
There is a large open door here.
* * * LOW HITPOINT WARNING * * *
You feel sick.
It was a potion of flight.
You feel very buoyant.
You fly up into the air.
You die...

#...# ######..+...
#...###.......#...
#.............#...
###.g...........##'#
#....>..............
###.################.#
#####....##........#......
#........##..g.....#......
###.#.##.@#..##.#..#...#..
#.#..#..S..# #.. #>..#..
#....#..'...# #..#...###
###..#..#..#.# ..#(.....
#..####...... .#######
#..# #........### # #..#
##########.# ###
#..######.###.##.###..
#.......#..........#.#


You could see an adder.

Vanquished Creatures
  2 adders
  2 dart slugs (D:1)
  4 orcs (D:3)
  10 endoplasms
  7 giant cockroaches
  4 goblins
  A hobgoblin (D:1)
  4 kobolds
  4 quokkas (D:1)
  5 ball pythons
  3 bats
  7 frilled lizards
  3 rats
56 creatures vanquished.

Notes
Turn   | Place    | Note
-------+----------+-------------------------------------------
     0 | D:1      | ZappyNine the Felid Transmuter began the quest for the Orb.
     0 | D:1      | Reached XP level 1. HP: 9/9 MP: 4/4
   291 | D:1      | Found a faded altar of an unknown god.
   345 | D:1      | Reached XP level 2. HP: 12/12 MP: 6/6
  1100 | D:1      | Reached XP level 3. HP: 6/16 MP: 5/7
  1492 | D:2      | Learned a level 2 spell: Wereblood
  1506 | D:2      | Learned a level 3 spell: Spider Form
  1521 | D:2      | Found Vikkicwi's Weapon Shoppe.
  1841 | D:2      | Found a shadowy altar of Dithmenos.
  2384 | D:3      | Reached skill level 4 in Unarmed Combat
  2539 | D:3      | Reached XP level 4. HP: 14/20 MP: 5/8
  3168 | D:3      | Slain by a gnoll
  3169 | D:3      | Reached XP level 3. HP: -1/16 MP: 7/7
  3370 | D:3      | Succumbed to an adder's poison

Illustrated notes

Levels and vault maps discovered:
D:1:      minmay_arrival_widening_spiral_wide, layout_loops_cross,
          hellmonk_ecumenical_altar_blasted
D:2:      layout_basic, serial_shops, shop, basic_altar, kennysheep_doodads
D:3:      layout_basic, dk_noncrumbling_3, kennysheep_generic_room_4

Skill      XL: |  1  2  3 |
---------------+----------+-----
Fighting       | 2 |  2.7
Unarmed Combat | 4 |  4.0
Dodging        | |  2.6
Spellcasting   | |  2.1
Transmutations | |  2.4
Poison Magic   | |  0.5

Action                   |  1- 3 |  4- 6 || total
-------------------------+-------+-------++-------
Melee: Unarmed           |   148 |    27 ||   175
       Bite              |     4 |     2 ||     6
       Headbutt          |    11 |     2 ||    13
       Punch             |     1 |       ||     1
 Cast: Beastly Appendage |    12 |     3 ||    15
       Wereblood         |     1 |       ||     1
  Use: Potion            |     1 |       ||     1
 Stab: Sleeping          |     2 |       ||     2
Armor: Skin              |     7 |     7 ||    14
Dodge: Dodged            |   104 |    28 ||   132

Table legend: (Time is in decaauts)
 A = Elapsed time spent in this place.
 B = Non-inter-level travel time spent in this place.
 C = Inter-level travel time spent in this place.
 D = Time resting spent in this place.
 E = Time spent auto-exploring this place.
 F = Levels seen in this place.
 G = Mean time per level.
                   A        B        C        D        E       F      G
               +--------+--------+--------+--------+--------+-----+--------+
         Total |   2995 |   2949 |     46 |    324 |   2177 |   3 |  998.3 |
       Dungeon |   2995 |   2949 |     46 |    324 |   2177 |   3 |  998.3 |
               +--------+--------+--------+--------+--------+-----+--------+

Top non-repeatable levels by time:
     D:1: 1306 daAuts
     D:3: 930 daAuts
     D:2: 757 daAuts
